cohdb
Replays
Latest Replays
All Replays
Popular Replays
Top Player Replays
Match Explorer
How It Works
Community
CoH3 Stats
Reddit
Sign in to upload your games and track your stats! →
Sign in with Steam
Match 42085892
Unlisted
Match 42085892
Overview
Messages
Build Orders
End
Kradschützen Motorcycle Team
Panzerpioneer Squad
Panzerpioneer Squad
Selects Armored Support Battlegroup
Construct Light Support Kompanie
Assault Grenadier Squad
Selects Superior Fire Drills
Assault Grenadier Squad
Fire Support Elements
WordBearers[Borgore]
Nostalgi@
0
0
Comments
sign in to comment!
No comments posted yet!